 Dungeon Crawl Stone Soup version 0.29-a0-243-g602b31c20e (webtiles) character file.

Game seed: 305119222895000201

3670 bande the Cleaver (level 10, -3/61 HPs)
             Began as a Gargoyle Fighter on Mar 4, 2022.
             Was an Elder of Okawaru.
             Slain by a boulder beetle (17 damage)
             ... on level 8 of the Dungeon.
             The game lasted 00:13:04 (8110 turns).

bande the Cleaver (Gargoyle Fighter)                Turns: 8110, Time: 00:13:05

Health: -3/61      AC: 22    Str: 23    XL:     10   Next: 12%
Magic:  0/13       EV: 11    Int: 10    God:    Okawaru [****..]
Gold:   399        SH:  7    Dex: 19    Spells: 9/9 levels left

rFire   . . .      SeeInvis .   b - +9 war axe of Vimud {vorpal, rC+ Will++ Str+4}
rCold   + . .      Faith    .   c - +0 buckler
rNeg    + + .      Spirit   +   f - +0 chain mail
rPois   ∞          Reflect  .   (no helmet)
rElec   +          Harm     .   q - +1 cloak
rCorr   .          Rampage  .   (no gloves)
Will    ++...                   (no boots)
Stlth   ..........              w - amulet of guardian spirit
HPRegen 0.20/turn               s - ring of positive energy
MPRegen 0.13/turn               t - +6 ring of dexterity

@: heroic
A: sickness immunity, AC +7, negative energy resistance 1, electricity
resistance, torment resistance 1, petrification resistance
a: Renounce Religion, Heroism, Finesse


You were on level 8 of the Dungeon.
You worshipped Okawaru.
Okawaru was greatly pleased with you.
You visited 2 branches of the dungeon, and saw 9 of its levels.

You collected 399 gold pieces.

Inventory:

Hand Weapons
 a - a +1 war axe of electrocution
 b - the +9 war axe of Vimud (weapon) {vorpal, rC+ Will++ Str+4}
   (You took it off a hobgoblin on level 2 of the Dungeon)

   It inflicts extra damage upon your enemies.
   Str:       It affects your strength (+4).
   rC:        It protects you from cold.
   Will:      It greatly increases your willpower.
 z - the +9 whip of Honour {flame, Fragile Dex+6}
   (You found it on level 7 of the Dungeon)

   It burns those it strikes, dealing additional fire damage.
   Dex:       It affects your dexterity (+6).
   Fragile:   It will be destroyed if unequipped.
 E - a +3 war axe
Missiles
 p - a throwing net (quivered)
Armour
 c - a +0 buckler (worn)
 f - a +0 chain mail (worn)
 q - a +1 cloak (worn)
 r - an orb of light
 A - a +0 pair of boots
Jewellery
 s - a ring of positive energy (left hand)
 t - a +6 ring of dexterity (right hand)
 w - an amulet of guardian spirit (around neck)
 x - a ring of positive energy
Wands
 k - a wand of paralysis (10)
 m - a wand of iceblast (23)
 y - a wand of acid (8)
Scrolls
 l - 2 scrolls of enchant weapon
 n - 3 scrolls of fear
 u - a scroll of teleportation
 v - 2 scrolls of amnesia
 C - a scroll of fog
Potions
 d - a potion of might
 e - a potion of brilliance
 g - a potion of mutation
 h - a potion of heal wounds
 i - a potion of magic
 j - a potion of cancellation
 o - a potion of berserk rage
 D - a potion of curing
 F - a potion of resistance


   Skills:
 + Level 6.4(11.4) Fighting
 + Level 8.2(13.2) Axes
 + Level 7.3(12.3) Armour
 + Level 4.7(9.7) Shields
 * Level 5.0 Invocations
 * Level 5.0 Evocations


You had 9 spell levels left.
You didn't know any spells.
Your spell library contained the following spells:

 Spells                   Type           Power      Damage    Failure   Level
 Shock                    Conj/Air       0%         1d3       93%         1
 Swiftness                Air            0%         N/A       100%        3
 Airstrike                Air            0%         N/A       100%        4


Dungeon Overview and Level Annotations

Branches:
Dungeon (8/15)             Temple (1/1) D:5
   Lair: D:8-11

Altars:
Ashenzari
Cheibriados
Dithmenos
Elyvilon
Fedhas
Gozag
Hepliaklqana
Kikubaaqudgha
Makhleb
Nemelex Xobeh
Okawaru
Qazlal
Ru
Sif Muna
Trog
Uskayaw
Vehumet
Xom
Yredelemnul
Zin
The Shining One

Shops:
D:3 ?


Innate Abilities, Weirdness & Mutations

You are immune to sickness and miasma.
Your stone body is resilient. (AC +7)
You are immune to poison.
You resist negative energy. (rN+)
You are resistant to electric shocks. (rElec)
You are resistant to unholy torment.
You are immune to petrification.


Message History

The two-headed ogre is severely wounded.
You hit the boulder beetle but do no damage.
The boulder beetle barely misses you.
The boulder beetle stops rolling and uncurls.
The two-headed ogre barely misses you.
The two-headed ogre hits you but does no damage.
You closely miss the two-headed ogre.
The two-headed ogre is severely wounded.
You hit the boulder beetle. You slash the yak! The yak closely misses you.
The boulder beetle closely misses you. The yak gores you but does no damage.
The two-headed ogre hits you with a +0 giant club.
The two-headed ogre closely misses you.
Unknown command.
You slash the two-headed ogre!
You kill the two-headed ogre!
Okawaru is honoured by your kill.
You can now speed up your combat.
Okawaru grants you ammunition! Something appears at your feet!
You slash the yak!
You hit the boulder beetle but do no damage.
The boulder beetle barely misses you. The yak gores you but does no damage.
The boulder beetle bites you!
Your Axes skill increases to level 8!
Your Invocations skill increases to level 5!
Your Evocations skill increases to level 5!
You have reached level 10!
You feel much better. The yak gores you. The boulder beetle bites you.
You gain the combat prowess of a mighty hero.
The orc closely misses you. The yak gores you! The boulder beetle bites you!!
* * * LOW HITPOINT WARNING * * *
Unknown command.
You hit the boulder beetle but do no damage.
The boulder beetle is lightly wounded.
You hit the orc but do no damage. You hit the yak.
The orc hits you but does no damage. The yak closely misses you.
Unknown command.
You slice the boulder beetle!!
The boulder beetle is moderately wounded.
You barely miss the orc. You completely miss the yak.
The boulder beetle bites you!
You die...

#..##................
##..####............#
##..#)..............
##.#...............
#.#...............
#................
#####........
##....o......
#/...@B......
#...##)Y...... #..#
##..#.... #.. ..#.##.
#. ..# . # .## # ##
#######


You could see a boulder beetle, a yak and an orc.

Vanquished Creatures
  A two-headed ogre (D:8)
  Pikel (D:5)
  A hornet (D:8)
  2 water moccasins
  2 sky beasts (D:6)
  A black bear (D:6)
  An orc warrior (D:6)
  An ice beast (D:7)
  An ogre (D:3)
  A centaur (D:7)
  2 kobold brigands
  A phantom (D:4)
  5 bullfrogs
  A necrophage (D:4)
  2 scorpions
  8 wights
  A killer bee (D:8)
  An orc priest (D:5)
  Crazy Yiuf (D:3)
  Jessica (D:2)
  2 iguanas (D:6)
  Terence (D:2)
  2 orc wizards
  3 gnolls (D:4)
  4 adders
  2 shadow imps
  5 white imps
  An ufetubus (D:4)
  2 dart slugs
  12 orcs
  9 endoplasms
  4 giant cockroaches
  8 hobgoblins
  3 jackals (D:1)
  2 quokkas
  4 ball pythons
  2 bats (D:2)
  A frilled lizard (D:3)
  9 goblins
  13 kobolds
  6 rats
130 creatures vanquished.

Notes
Turn   | Place    | Note
-------+----------+-------------------------------------------
     0 | D:1      | bande the Gargoyle Fighter began the quest for the Orb.
     0 | D:1      | Reached XP level 1. HP: 14/14 MP: 1/1
   392 | D:1      | Found a faded altar of an unknown god.
   447 | D:1      | Reached XP level 2. HP: 19/19 MP: 2/2
   601 | D:1      | Reached skill level 2 in Axes
  1254 | D:2      | Reached XP level 3. HP: 19/23 MP: 3/3
  1683 | D:2      | Noticed Terence
  1694 | D:2      | Killed Terence
  1706 | D:2      | Identified the +9 war axe of Vimud {vorpal, rC+ Will++
                  | Str+4}
  1870 | D:2      | Reached XP level 4. HP: 29/29 MP: 4/4
  1966 | D:2      | Noticed Jessica
  1975 | D:2      | Killed Jessica
  2491 | D:3      | Reached skill level 3 in Axes
  2535 | D:3      | Reached skill level 1 in Evocations
  2637 | D:3      | Reached XP level 5. HP: 27/33 MP: 5/5
  2733 | D:3      | Found a runed translucent door.
  2734 | D:3      | Noticed Crazy Yiuf
  2757 | D:3      | Noticed an ogre
  2763 | D:3      | Killed an ogre
  3019 | D:3      | Found Istrylu's Magic Scroll Emporium.
  3604 | D:3      | Reached XP level 6. HP: 36/38 MP: 6/6
  3628 | D:3      | Identified the +1 robe "Poqawistru" {Regen+ Str-2 Dex+2}
  3775 | D:3      | Killed Crazy Yiuf
  3946 | D:4      | Found a transporter.
  4033 | D:4      | Found a transporter.
  4069 | D:4      | Reached skill level 4 in Axes
  4240 | D:4      | Reached skill level 5 in Armour
  4240 | D:4      | Reached XP level 7. HP: 36/44 MP: 7/7
  4442 | D:4      | Found a blossoming altar of Fedhas.
  4443 | D:4      | Found a shimmering blue altar of Sif Muna.
  4449 | D:4      | Found a glowing silver altar of Zin.
  4452 | D:4      | Found a radiant altar of Vehumet.
  4454 | D:4      | Found a stormy altar of Qazlal.
  4459 | D:4      | Found an ancient bone altar of Kikubaaqudgha.
  4531 | D:4      | Found a shadowy altar of Dithmenos.
  4884 | D:5      | Entered Level 5 of the Dungeon
  4911 | D:5      | Found a staircase to the Ecumenical Temple.
  4965 | Temple   | Entered the Ecumenical Temple
  5074 | Temple   | Became a worshipper of Warmaster Okawaru
  5216 | D:5      | Found a broken altar of Ashenzari.
  5248 | D:5      | Noticed Pikel
  5254 | D:5      | Killed Pikel
  5255 | D:5      | Reached skill level 5 in Axes
  5255 | D:5      | Reached XP level 8. HP: 39/48 MP: 5/9
  5330 | D:5      | Reached skill level 5 in Fighting
  5371 | D:5      | Reached * piety under Okawaru
  5557 | D:5      | Found a glowing golden altar of the Shining One.
  5841 | D:5      | Found a bloodstained altar of Trog.
  5999 | D:6      | Reached skill level 6 in Axes
  6562 | D:6      | Reached XP level 9. HP: 54/54 MP: 11/11
  6808 | D:6      | Reached ** piety under Okawaru
  6821 | D:7      | Found a hide-covered altar of Uskayaw.
  6848 | D:7      | Identified the +9 whip of Honour {flame, Fragile Dex+6}
  7096 | D:7      | Reached skill level 7 in Axes
  7185 | D:7      | Found a basalt altar of Yredelemnul.
  7435 | D:8      | Noticed a hornet
  7443 | D:8      | Killed a hornet
  7734 | D:8      | Reached *** piety under Okawaru
  8098 | D:8      | Noticed a boulder beetle
  8098 | D:8      | Noticed a two-headed ogre
  8106 | D:8      | Killed a two-headed ogre
  8106 | D:8      | Reached **** piety under Okawaru
  8106 | D:8      | Received a gift from Okawaru
  8107 | D:8      | Reached skill level 8 in Axes
  8107 | D:8      | Reached skill level 5 in Invocations
  8107 | D:8      | Reached skill level 5 in Evocations
  8107 | D:8      | Reached XP level 10. HP: 23/61 MP: 4/13
  8110 | D:8      | Slain by a boulder beetle

Illustrated notes

Levels and vault maps discovered:
D:1:      psy_arrival_terrarium, layout_rooms,
          hellmonk_ecumenical_altar_run_dry, minmay_hedge_maze,
          minmay_pentomino_r4
D:2:      layout_basic, uniq_terence, uniq_jessica
D:3:      layout_basic, serial_shops, nicolae_square_shop,
          kennysheep_generic_room_13, uniq_crazy_yiuf_cottage
D:4:      gammafunk_wand_slinger, layout_gridville, lemuel_doored_altar,
          nicolae_overflow_hallway_of_the_gods, serial_rivers,
          chequers_serial_rivers_micro_c, chequers_serial_rivers_micro_c,
          chequers_serial_rivers_micro_a, chequers_serial_rivers_marsh,
          chequers_serial_rivers_micro_b, chequers_serial_rivers_micro_d,
          chequers_serial_rivers_room_b
D:5:      layout_loops_ring, mainiacjoe_overflow_small_starburst,
          mainiacjoe_overflow_swirl, minmay_temple_entry_wispy, uniq_pikel
D:6:      layout_basic, amcnicky_mini_pool_small, minmay_misc_feat_square
D:7:      layout_rooms, nicolae_uskayaw_dance_hall, general_overflow_altar
D:8:      minmay_four_partial_circles, layout_basic, nzn_wu_jian_council_hall
Temple:   kb_temple_of_zot

Skill      XL: |  1  2  3  4  5  6  7  8  9 |
---------------+----------------------------+-----
Axes           | 2 3 4 5 6 8 |  8.2
Armour         | 4 5 6 7 |  7.3
Evocations     | 1 2 3 5 |  5.0
Fighting       | 4 5 6 |  6.4
Invocations    | 2 3 5 |  5.0
Shields        | 4 |  4.7

Action                   |  1- 3 |  4- 6 |  7- 9 | 10-12 || total
-------------------------+-------+-------+-------+-------++-------
Melee: War axe           |   109 |    75 |   145 |     2 ||   331
Invok: Heroism           |       |       |       |     1 ||     1
  Use: Scroll            |     7 |     4 |     8 |       ||    19
       Potion            |       |       |     1 |     1 ||     2
Armor: Scale mail        |    52 |       |       |       ||    52
       Chain mail        |    10 |    32 |   100 |     1 ||   143
Dodge: Dodged            |    44 |    14 |    56 |     2 ||   116
Block: Buckler           |    22 |    13 |    41 |       ||    76

Table legend: (Time is in decaauts)
 A = Elapsed time spent in this place.
 B = Non-inter-level travel time spent in this place.
 C = Inter-level travel time spent in this place.
 D = Time resting spent in this place.
 E = Time spent auto-exploring this place.
 F = Levels seen in this place.
 G = Mean time per level.
                   A        B        C        D        E       F      G
               +--------+--------+--------+--------+--------+-----+--------+
         Total |   8222 |   7943 |    279 |   1520 |   5127 |   9 |  913.6 |
       Dungeon |   8082 |   7846 |    236 |   1520 |   5044 |   8 | 1010.2 |
        Temple |    139 |     96 |     43 |      0 |     83 |   1 |  139.0 |
               +--------+--------+--------+--------+--------+-----+--------+

Top non-repeatable levels by time:
     D:3: 1527 daAuts
     D:1: 1280 daAuts
     D:2: 1158 daAuts
     D:4: 1001 daAuts
     D:6: 919 daAuts
     D:5: 879 daAuts
     D:8: 736 daAuts
     D:7: 579 daAuts
  Temple: 139 daAuts
